 Dungeon Crawl Stone Soup version 0.16.2-12-gd0ad4c3 (webtiles) character file.

8043 Peloso the Carver (level 11, -8/101 HPs)
             Began as a Minotaur Fighter on Oct 2, 2015.
             Was a High Priest of Okawaru.
             Blown up by an orc wizard (16 damage)
             ... with a wand of disintegration
             ... on level 9 of the Dungeon.
             The game lasted 00:40:05 (9263 turns).

Peloso the Carver (Minotaur Fighter)                Turns: 9263, Time: 00:40:05

Health: -8/101     AC: 18    Str: 27    XL:     11   Next: 4%
Magic:  7/7        EV:  9    Int:  3    God:    Okawaru [*****.]
Gold:   510        SH:  0    Dex: 12    Spells: 0 memorised, 10 levels left

rFire  . . .     SeeInvis .     J - +3 scimitar
rCold  + + .     Clarity  .     t - +1 plate armour
rNeg   . . .     SustAb   .     (no shield)
rPois  .         Gourm    .     (helmet restricted)
rElec  .         Spirit   .     C - +1 cloak
rCorr  .         Warding  .     (no gloves)
rMut   .         Stasis   .     (no boots)
MR     .....                    (no amulet)
Stlth  ..........               D - +5 ring of strength
                                H - ring of protection from cold

@: lethally poisoned (-8 -> -9), about to teleport, not resistant to hostile
enchantments, extremely unstealthy
A: retaliatory headbutt, horns 2, cold resistance 1, dopey 1, spit poison 2
a: Spit Poison, Heroism, Finesse, Renounce Religion


You were on level 9 of the Dungeon.
You worshipped Okawaru.
Okawaru was extremely pleased with you.
You were very hungry.

You visited 1 branch of the dungeon, and saw 9 of its levels.
You also visited: Bailey.

You collected 510 gold pieces.

Inventory:

Hand weapons
 a - a +0 long sword
 q - the +8 trident of Tail {pain, Int+4}
   (You found it on level 4 of the Dungeon)

   In the hands of one skilled in necromantic magic, it inflicts extra damage on
   living creatures.
   It affects your intelligence (+4).
 r - the +5 shortbow "Kunagan" {freeze, rN+ Dex+4}
   (You took it off an orc on level 6 of the Dungeon)

   It causes projectiles fired from it to freeze those they strike, causing
   extra injury to most foes and up to half again as much damage against
   particularly susceptible opponents.
   They can also slow down cold-blooded creatures.
   It affects your dexterity (+4).
   It protects you from negative energy.
 w - a +1 short sword of flaming
 J - a +3 scimitar (weapon)
Missiles
 s - 12 arrows of flame
Armour
 j - a +0 large shield
 t - a +1 plate armour (worn)
 C - a +1 cloak (worn)
Jewellery
 p - an uncursed ring of flight
 D - a +5 ring of strength (right hand)
 H - a ring of protection from cold (left hand)
Magical devices
 b - a wand of draining (3)
 k - a wand of hasting (0)
 z - a wand of heal wounds (5)
 B - a wand of frost (0)
 G - a wand of digging (13)
 L - a wand of lightning (4)
Scrolls
 c - a scroll of blinking
 f - a scroll of magic mapping
 h - 2 scrolls of enchant weapon
 i - 5 scrolls of remove curse
 l - 3 scrolls of amnesia
 o - a scroll of teleportation
 u - 2 scrolls of fog
 x - 5 scrolls of enchant armour
 E - 2 scrolls of identify
 M - a scroll of recharging
Potions
 e - 2 potions of might
 g - 2 potions of brilliance
 m - a potion of curing
 A - a potion of agility
 F - a potion of cancellation
Books
 K - a Necronomicon {highlevel, unknown}

   This book is beyond your current level of understanding.

   Spells                             Type                      Level
   a - Haunt                          Necromancy/Summoning         7
   b - Borgnjor's Revivification      Necromancy                   8
   c - Death's Door                   Charms/Necromancy            8
   d - Necromutation                  Transmutation/Necromancy     8
Comestibles
 d - 9 bread rations
 n - 4 slices of pizza
 v - 7 meat rations
 I - 2 chunks of flesh
 N - 6 beef jerkies


   Skills:
 + Level 10.3 Fighting
 + Level 10.4 Long Blades
 + Level 0.8 Polearms
 + Level 2.9 Bows
 + Level 10.1 Armour
 + Level 3.4 Dodging
 + Level 1.9 Stealth
 + Level 9.6 Shields
 + Level 2.2 Invocations
 + Level 1.4 Evocations


You had 10 spell levels left.
You didn't know any spells.

Dungeon Overview and Level Annotations

Branches:
Dungeon (9/15)             Temple (0/1) D:5
   Lair: D:8-11         Orc: D:9-12

Altars:
Cheibriados
Dithmenos
Gozag
Makhleb
Okawaru
Trog
Vehumet
Xom
The Shining One

Annotations:
D:5 Sigmund


Innate Abilities, Weirdness & Mutations

You reflexively headbutt those who attack you in melee.
You have a pair of horns on your head.
Your flesh is cold resistant.
You are dopey. (Int -2)
You can spit moderately strong poison.


Message History

Your kobold dies!
Your kobold's corpse dissolves into shadows!
You feel sick.
You hear a zap.
You are blasted!
* * * LOW HITPOINT WARNING * * *
Things that are here:
a hand axe; a ring mail; an orc corpse Read which item? (? for menu, Esc to quit)
As you read the scroll of teleportation, it crumbles to dust.
You feel strangely unstable. Something hits you but does no damage.
You hear some strange, mumbled words.
A puff of flame appears from out of thin air!
The puff of flame hits you!
You feel sick. The magic dart hits you!
You hear a zap.
Something tries to affect you, but you resist.
You hear a zap.
You are blasted!
You die...

.<..# ##.......... ....#
##.......)# .##. #
#......<... ## ...
#.......... ........[
#.......... .........
##......... ###.......
#..........
.S........#########.#........
###.....?YYYY{).@...##(.....
#..##.######....# ###### .#
#...#...# ....####..# . .o###
##.# .# .# .#


You could see 4 yaks.

Vanquished Creatures
  Erolcha (D:9)
  5 orc knights (Bailey)
  A two-headed ogre (D:8)
  A trapdoor spider (D:9)
  2 yaks (D:9)
  Edmund (D:5)
  A water moccasin (D:9)
  8 orc warriors
  A black bear (D:7)
  3 centaurs (D:7)
  8 ogres
  2 big kobolds (D:8)
  The ghost of Musteatbrain the Sneak, an average KoEn (D:3)
  8 giant frogs
  A scorpion (D:7)
  10 wights
  3 killer bees (D:7)
  6 hounds
  A centaur zombie (D:7)
  2 giant frog zombies
  A quasit (D:7)
  A wasp zombie (D:8)
  3 crimson imps
  A jelly (D:7)
  Crazy Yiuf (D:5)
  2 iguanas
  5 orc wizards
  A giant frog skeleton (D:7)
  5 orc priests
  Natasha (thrice) (D:5)
  7 worker ants
  5 gnolls
  2 shadow imps
  8 adders
  4 giant mites
  A worm (D:4)
  2 adder zombies
  65 orcs
  2 ball pythons
  9 bats
  5 giant cockroaches
  16 hobgoblins
  7 jackals
  25 kobolds
  5 giant geckos
  6 giant newts
  9 goblins
  5 quokkas
  13 rats
  2 ballistomycetes (D:9)
287 creatures vanquished.

Vanquished Creatures (others)
  A kobold (D:9)
  A giant spore (D:9)
2 creatures vanquished.

Grand Total: 289 creatures vanquished

Notes
Turn   | Place    | Note
--------------------------------------------------------------
     0 | D:1      | Peloso, the Minotaur Fighter, began the quest for the Orb.
     0 | D:1      | Reached XP level 1. HP: 19/19 MP: 1/1
   234 | D:1      | Reached XP level 2. HP: 27/27 MP: 1/1
   250 | D:1      | Reached skill level 4 in Armour
  1034 | D:2      | Reached XP level 3. HP: 31/33 MP: 2/2
  1909 | D:3      | Noticed Musteatbrain's ghost (average KoEn)
  2068 | D:3      | Killed Musteatbrain's ghost
  2068 | D:3      | Reached skill level 5 in Shields
  2068 | D:3      | Reached XP level 4. HP: 31/41 MP: 2/2
  2188 | D:3      | Found a burning altar of Makhleb.
  2188 | D:3      | Found a radiant altar of Vehumet.
  2188 | D:3      | Found a bloodstained altar of Trog.
  2251 | D:3      | Reached XP level 5. HP: 47/47 MP: 2/2
  2294 | D:3      | Found a snail-covered altar of Cheibriados.
  2472 | D:3      | Found an opulent altar of Gozag.
  2824 | D:4      | Found an iron altar of Okawaru.
  2838 | D:4      | Became a worshipper of Warmaster Okawaru
  2861 | D:4      | Got a warped trident
  2862 | D:4      | Identified the +8 trident of Tail {pain, Int+4} (You found it on level 4 of the Dungeon)
  2995 | D:4      | Reached skill level 1 in Dodging
  3038 | D:4      | Reached skill level 5 in Armour
  3038 | D:4      | Reached XP level 6. HP: 55/55 MP: 3/3
  3488 | D:5      | Entered Level 5 of the Dungeon
  3528 | D:5      | Found a staircase to the Ecumenical Temple.
  3563 | D:5      | Noticed Edmund
  3589 | D:5      | Killed Edmund
  3589 | D:5      | Reached skill level 5 in Fighting
  3589 | D:5      | Reached skill level 6 in Shields
  3686 | D:5      | Noticed Crazy Yiuf
  3701 | D:5      | Killed Crazy Yiuf
  3797 | D:5      | Acquired Okawaru's first power
  3830 | D:5      | Noticed Natasha
  3842 | D:5      | Killed Natasha
  3842 | D:5      | Reached XP level 7. HP: 49/61 MP: 3/3
  3844 | D:5      | Noticed Sigmund
  3867 | D:5      | Noticed Natasha
  4206 | D:5      | Killed Natasha
  4281 | D:5      | Found a shimmering altar of Xom.
  4360 | D:5      | Reached skill level 1 in Stealth
  4392 | D:5      | Reached skill level 7 in Shields
  4465 | D:5      | Noticed Natasha
  4469 | D:5      | Killed Natasha
  5382 | D:6      | Reached XP level 8. HP: 70/70 MP: 3/3
  5433 | D:6      | Reached skill level 8 in Shields
  5446 | D:6      | Reached skill level 5 in Long Blades
  5522 | D:6      | Got a bone shortbow
  5559 | D:6      | Identified the +5 shortbow "Kunagan" {freeze, rN+ Dex+4} (You took it off an orc on level 6 of the Dungeon)
  5710 | D:6      | Found a shadowy altar of Dithmenos.
  5799 | D:7      | Reached skill level 9 in Shields
  5945 | D:7      | Reached XP level 9. HP: 42/78 MP: 4/4
  6278 | D:7      | Found a glowing golden altar of the Shining One.
  6303 | D:7      | Found a flagged portal.
  6315 | Bailey   | Entered a bailey
  6954 | Bailey   | Noticed an orc knight
  6955 | Bailey   | Noticed an orc knight
  6994 | Bailey   | Killed an orc knight
  6994 | Bailey   | Reached skill level 1 in Bows
  7002 | Bailey   | Killed an orc knight
  7052 | Bailey   | Noticed an orc knight
  7052 | Bailey   | Noticed an orc knight
  7098 | Bailey   | Killed an orc knight
  7098 | Bailey   | Acquired Okawaru's second power
  7098 | Bailey   | Reached XP level 10. HP: 27/90 MP: 3/4
  7104 | Bailey   | Noticed an orc knight
  7110 | Bailey   | Gained mutation: Your flesh is cold resistant. [potion of mutation]
  7110 | Bailey   | Gained mutation: You can spit poison. [potion of mutation]
  7110 | Bailey   | Gained mutation: You are dopey. (Int -2) [potion of mutation]
  7151 | Bailey   | Killed an orc knight
  7235 | Bailey   | HP: 1/90 [orc knight/glaive (14)]
  7236 | Bailey   | Killed an orc knight
  7468 | Bailey   | Reached skill level 1 in Invocations
  7468 | Bailey   | Reached skill level 1 in Evocations
  7613 | D:7      | Gained mutation: You can spit moderately strong poison. [potion of beneficial mutation]
  7750 | D:7      | Received a gift from Okawaru
  8177 | D:8      | Received a gift from Okawaru
  8729 | D:8      | Found a snail-covered altar of Cheibriados.
  8737 | D:8      | Reached skill level 10 in Fighting
  8943 | D:9      | Reached skill level 10 in Long Blades
  8969 | D:9      | Noticed Erolcha
  9012 | D:9      | Killed Erolcha
  9012 | D:9      | Reached skill level 10 in Armour
  9012 | D:9      | Reached XP level 11. HP: 26/100 MP: 7/7
  9263 | D:9      | Blown up by an orc wizard

Action                   |  1- 3 |  4- 6 |  7- 9 | 10-12 || total
-------------------------+-------+-------+-------+-------++-------
Melee: Long sword        |   148 |   118 |   149 |       ||   415
       Trident           |       |    28 |       |       ||    28
       Unarmed           |       |       |    12 |       ||    12
       Scimitar          |       |       |   186 |   221 ||   407
 Fire: Shortbow          |       |       |    11 |       ||    11
Invok: Heroism           |       |       |     2 |     4 ||     6
Evoke: Wand              |       |       |       |     5 ||     5
  Use: Scroll            |    10 |     4 |     6 |     6 ||    26
       Potion            |       |       |     8 |     8 ||    16
  Eat: Chunk             |     2 |     6 |    10 |     7 ||    25
       Beef jerky        |     1 |       |       |       ||     1
       Pizza             |       |       |     1 |       ||     1
